 Dungeon Crawl Stone Soup version 0.30-a0-242-g7bf8e6d787 (webtiles) character file.

Game seed: 2786535585131827115

317 NinjaNoafa the Shooter (level 6, -2/47 HPs)
             Began as a Barachi Hunter on Oct 11, 2022.
             Was a Believer of Nemelex Xobeh.
             Slain by Pikel
             ... wielding a +1 whip of electrocution
              (9 damage)
             ... on level 4 of the Dungeon.
             The game lasted 00:07:07 (3480 turns).

NinjaNoafa the Shooter (Barachi Hunter)             Turns: 3480, Time: 00:07:08

Health: -2/47      AC:  6    Str: 13    XL:     6   Next: 45%
Magic:  6/6        EV: 12    Int:  9    God:    Nemelex Xobeh [**....]
Gold:   187        SH:  0    Dex: 17    Spells: 5/5 levels left

rFire   . . .      SeeInvis .    a - +0 shortbow
rCold   . . .      Faith    .    (shield currently unavailable)
rNeg    . . .      Spirit   .    c - +0 leather armour
rPois   .          Reflect  .    v - +0 helmet
rElec   .          Harm     .    g - +0 cloak
rCorr   .          Rampage  .    s - +0 pair of gloves
Will    .....                    (no boots)
Stlth   ++........               (no amulet)
HPRegen 0.27/turn                (no ring)
MPRegen 0.10/turn                (no ring)

@: slow
A: amphibious, slowness 1, strong legs 1, +LOS
a: Hop, Renounce Religion, Draw Escape, Draw Destruction, Draw Summoning


You were on level 4 of the Dungeon.
You worshipped Nemelex Xobeh.
Nemelex Xobeh was pleased with you.
You visited 1 branch of the dungeon, and saw 4 of its levels.

You collected 187 gold pieces.

Inventory:

Hand Weapons
 a - a +0 shortbow (weapon)
 u - a +0 dagger of venom
Missiles
 d - 47 stones
 k - 9 poisoned darts
 p - a boomerang
Armour
 c - a +0 leather armour (worn)
 g - a +0 cloak (worn)
 s - a +0 pair of gloves (worn)
 v - a +0 helmet (worn)
Scrolls
 b - 2 scrolls of immolation
 e - 5 scrolls of identify {unknown}
 f - a scroll of enchant armour {unknown}
 h - a scroll of magic mapping {unknown}
 j - 3 scrolls of teleportation {unknown}
 l - 2 scrolls of vulnerability {unknown}
 m - a scroll of fog {unknown}
 n - 2 scrolls of amnesia {unknown}
 q - a scroll of poison {unknown}
 r - a scroll of blinking {unknown}
 w - a scroll of fear {unknown}
Potions
 i - a potion of lignification
 o - a potion of brilliance {unknown}
 t - a potion of heal wounds {unknown}


   Skills:
 - Level 3.0 Fighting
 + Level 6.4 Ranged Weapons
 - Level 3.0 Dodging
 - Level 3.0 Stealth


You had 5 spell levels left.
You didn't know any spells.
Your spell library contained the following spells:

 Spells                   Type           Power      Damage    Failure   Level
 Ensorcelled Hibernation  Hex/Ice        0%         N/A       61%         2
 Passwall                 Tmut/Erth      0%         N/A       61%         2
 Swiftness                Air            0%         N/A       83%         3


Dungeon Overview and Level Annotations

Branches:
Dungeon (4/15)
 Temple: D:4-7

Altars:
Ashenzari
Nemelex Xobeh

Annotations:
D:4 Pikel


Innate Abilities, Weirdness & Mutations

You are amphibious.
You cover ground slowly.
You can hop short distances.
You have an extended range of vision and can be seen from far away.


Message History

Pikel convulses!
The lemure closely misses you. Pikel barely misses you.
You shoot an arrow.
The arrow hits Pikel but does no damage.
Pikel is heavily wounded.
The lemure hits you but does no damage. Pikel hits you but does no damage.
You shoot an arrow. The arrow closely misses Pikel.
The lemure barely misses you. Pikel barely misses you.
The lemure hits you but does no damage.
Pikel hits you with a +1 whip of electrocution.
Fire: a) +0 shortbow
Press: ? - help, Q - select action, (/) - cycle Shift-Dir - straight line, f/p - Pikel
Aim: Pikel, wielding a +1 whip of electrocution, wearing a +0 robe and carrying a wand of iceblast (5) (heavily wounded, 58% to hit)
You shoot an arrow. The arrow closely misses Pikel.
The lemure hits you but does no damage. Pikel closely misses you.
Unknown command.
You shoot an arrow. The arrow hits Pikel.
Pikel is heavily wounded.
You are ready to hop once more.
The lemure barely misses you. Pikel completely misses you.
You shoot an arrow.
The arrow hits Pikel but does no damage.
Pikel is heavily wounded.
The lemure completely misses you. Pikel hits you but does no damage.
Fire: a) +0 shortbow
Press: ? - help, Q - select action, (/) - cycle Shift-Dir - straight line, f/p - Pikel
Aim: Pikel, wielding a +1 whip of electrocution, wearing a +0 robe and carrying a wand of iceblast (5) (heavily wounded, 58% to hit)
You shoot an arrow. The arrow barely misses Pikel.
The lemure hits you but does no damage. Pikel hits you but does no damage.
You are electrocuted!!
* * * LOW HITPOINT WARNING * * *
You draw a card...
You have drawn Pain.
Press: ? - help, Shift-Dir - straight line, f/p - Pikel
Aim: Pikel, wielding a +1 whip of electrocution, wearing a +0 robe and carrying a wand of iceblast (5) (heavily wounded) Pikel convulses!
The lemure hits you but does no damage.
Pikel hits you with a +1 whip of electrocution.
* * * LOW HITPOINT WARNING * * *
You are electrocuted!
You die...
Your body glows slightly and disappears.

#..........# ...8#
#....####### ...######
#....#8###8##...##.#8#
#...............##....
#...............8#....
#...............##....
#...5#8###⌠###8###.#8#
#...K####### ####.###
###55@...#'#####......
#.####......>.......
#.#####..###.#######
#........# #..).####
#######.## ####.....
##### #.# ##....
#########...###.#
#....
#<..........'...#
##..#
#########...##### ##..


You could see Pikel and 3 lemures.

Vanquished Creatures
  A lemure (D:4)
  2 howler monkeys
  Jessica (D:2)
  Robin (D:3)
  9 adders
  3 worms (D:2)
  3 dart slugs (D:2)
  6 orcs
  8 endoplasms
  3 giant cockroaches
  11 goblins
  9 hobgoblins
  8 jackals
  6 kobolds
  2 quokkas
  10 ball pythons
  8 bats
  A frilled lizard (D:3)
  8 rats
100 creatures vanquished.

Notes
Turn   | Place    | Note
-------+----------+-------------------------------------------
     0 | D:1      | NinjaNoafa the Barachi Hunter began the quest for the Orb.
     0 | D:1      | Reached XP level 1. HP: 17/17 MP: 1/1
    97 | D:1      | Reached skill level 1 in Stealth
   156 | D:1      | Reached XP level 2. HP: 23/23 MP: 2/2
   493 | D:1      | Reached XP level 3. HP: 29/29 MP: 3/3
  1078 | D:2      | Noticed Jessica
  1090 | D:2      | Killed Jessica
  1091 | D:2      | Reached XP level 4. HP: 6/35 MP: 4/4
  1266 | D:2      | Found a broken altar of Ashenzari.
  1506 | D:2      | You fall into a shaft and drop 1 floor!
  1518 | D:3      | Reached XP level 5. HP: 36/41 MP: 5/5
  1687 | D:2      | Reached skill level 5 in Ranged Weapons
  2052 | D:2      | Found a faded altar of an unknown god.
  2069 | D:2      | Prayed at the altar of an unknown god.
  2069 | D:2      | Became a worshipper of Nemelex Xobeh the Trickster
  2069 | D:2      | Reached * piety under Nemelex Xobeh
  2069 | D:2      | Received a gift from Nemelex Xobeh
  3005 | D:3      | Noticed Robin
  3011 | D:3      | Killed Robin
  3158 | D:3      | Reached skill level 6 in Ranged Weapons
  3158 | D:3      | Reached XP level 6. HP: 25/47 MP: 6/6
  3380 | D:4      | Reached ** piety under Nemelex Xobeh
  3452 | D:4      | Noticed Pikel
  3480 | D:4      | Slain by Pikel

Illustrated notes

Levels and vault maps discovered:
D:1:      lightli_arrival_statuegarden, layout_loops_corners
D:2:      minmay_razor_zed, layout_loops_ring,
          ebering_ecumenical_altar_abandoned, basic_altar, uniq_jessica
D:3:      layout_loops_cross, uniq_robin
D:4:      layout_basic, regret_index_temple_of_mockery,
          minmay_temple_entry_drinking_statues, serial_corexii_hall,
          chequers_hall_statues_wall_a, corexii_hall_statues_l,
          corexii_hall_statues_i, corexii_hall_statues_l,
          corexii_hall_statues_s, corexii_hall_statues_l, uniq_pikel

Skill      XL: |  1  2  3  4  5 |
---------------+----------------+-----
Stealth        | 1 2 3 |  3.0
Fighting       | 3 |  3.0
Dodging        | 3 |  3.0
Ranged Weapons | 6 |  6.4

Action                   |  1- 3 |  4- 6 || total
-------------------------+-------+-------++-------
 Fire: Shortbow          |    83 |   230 ||   313
Invok: Draw Destruction  |       |     2 ||     2
 Abil: Hop               |     3 |     8 ||    11
  Use: Potion            |     2 |       ||     2
Armor: Leather armour    |    12 |    73 ||    85
       Skin              |     5 |       ||     5
Dodge: Dodged            |    30 |   143 ||   173

Table legend: (Time is in decaauts)
 A = Elapsed time spent in this place.
 B = Non-inter-level travel time spent in this place.
 C = Inter-level travel time spent in this place.
 D = Time resting spent in this place.
 E = Time spent auto-exploring this place.
 F = Levels seen in this place.
 G = Mean time per level.
                   A        B        C        D        E       F      G
               +--------+--------+--------+--------+--------+-----+--------+
         Total |   4039 |   3849 |    190 |      0 |   2946 |   4 | 1009.8 |
       Dungeon |   4039 |   3849 |    190 |      0 |   2946 |   4 | 1009.8 |
               +--------+--------+--------+--------+--------+-----+--------+

Top non-repeatable levels by time:
     D:2: 1696 daAuts
     D:1: 1066 daAuts
     D:3: 996 daAuts
     D:4: 279 daAuts
